 Dungeon Crawl Stone Soup version 0.32-a0-42-ga30500b4d3 (webtiles) character file.

Game seed: 1624442929239274594

3849 CraigForest the Carver (level 9, -8/68 HPs)
             Began as a Demonspawn Gladiator on Feb 2, 2024.
             Was an Elder of Fedhas.
             Killed from afar by an orc sorcerer (19 damage)
             ... with a bolt of fire
             ... in a bailey on Feb 3, 2024.
             The game lasted 00:29:42 (8170 turns).

CraigForest the Carver (Demonspawn Gladiator)       Turns: 8170, Time: 00:29:42

Health: -8/68      AC: 16    Str: 20    XL:     9   Next: 98%
Magic:  0/9        EV: 13    Int:  9    God:    Fedhas [****..]
Gold:   722        SH: 16    Dex: 19    Spells: 7/8 levels left

rFire   . . .        D - +2 long sword (flame)
rCold   + . .        y - +0 kite shield
rNeg    + . .        q - +0 ring mail
rPois   .            c - +1 helmet
rElec   .            f - +0 cloak
rCorr   .            (no gloves)
SInv    .            (no boots)
Will    .....        t - amulet of reflection
Stlth   +            L - ring of Buph {rN+ AC+4 Str+6}
HPRegen 0.31/turn    p - ring of protection from cold
MPRegen 0.22/turn

%: reflection, guardian spirit
@: no status effects
A: yellow scales 2, powered by death 1, magic shield, magic regeneration,
demonic touch 1
a: Renounce Religion, Wall of Briars, Grow Ballistomycete, Overgrow


You were in a bailey.
You worshipped Fedhas.
Fedhas was greatly pleased with you.
You visited 2 branches of the dungeon, and saw 9 of its levels.
You also visited: Bailey.

You collected 722 gold pieces.

Inventory:

Hand Weapons
 a - a +0 long sword
 C - a +2 scimitar
 D - a +2 long sword of flaming (weapon)
Missiles
 d - 3 throwing nets
 e - a javelin
 j - 6 boomerangs (quivered)
Armour
 b - a +0 leather armour
 c - a +1 helmet (worn)
 f - a +0 cloak (worn)
 q - a +0 ring mail (worn)
 y - a +0 kite shield (worn)
Jewellery
 i - a +6 ring of intelligence
 p - a ring of protection from cold (right hand)
 t - an amulet of reflection (around neck)
 z - a ring of wizardry
 B - a ring of magical power
 L - the ring of Buph (left hand) {rN+ AC+4 Str+6}
   (You acquired it in a bailey)

   [ring of protection]

   AC+4:      It affects your AC (+4).
   Str+6:     It affects your strength (+6).
   rN+:       It protects you from negative energy.
Talismans
 J - a serpent talisman
Wands
 s - a wand of polymorph (6)
 G - a wand of roots (5)
Scrolls
 h - a scroll of brand weapon
 l - 2 scrolls of revelation {unknown}
 v - a scroll of blinking {unknown}
 w - 2 scrolls of teleportation
 x - a scroll of torment {unknown}
 A - a scroll of vulnerability
 E - a scroll of fog
 F - a scroll of silence {unknown}
 H - 2 scrolls of enchant weapon {unknown}
 K - a scroll of fear {unknown}
Potions
 g - a potion of cancellation
 k - a potion of magic
 m - 2 potions of haste
 n - a potion of attraction
 o - 3 potions of brilliance
 r - a potion of lignification {unknown}
 u - a potion of curing {unknown}
 I - a potion of enlightenment {unknown}


   Skills:
 + Level 5.0 Fighting
 + Level 8.0 Long Blades
 + Level 3.0 Throwing
 + Level 5.0 Armour
 + Level 5.9 Dodging
 + Level 1.5 Stealth
 + Level 5.6 Shields
 + Level 0.4 Unarmed Combat


You had 7 spell levels left.
You knew the following spells:

 Your Spells              Type           Power      Damage    Failure   Level
a - Shock                 Conj/Air       0%         1d3       83%         1

Your spell library contained the following spells:

 Spells                   Type           Power      Damage    Failure   Level
 Apportation              Tloc           0%         N/A       83%         1
 Necrotise                Necr           0%         1d4       83%         1
 Slow                     Hex            0%         N/A       83%         1
 Sting                    Conj/Alch      0%         1d3       83%         1
 Summon Small Mammal      Summ           0%         N/A       83%         1
 Cigotuvi's Dreadful Rot  Necr/Alch/Air  0%         N/A       92%         2
 Ensorcelled Hibernation  Hex/Ice        0%         N/A       92%         2
 Jinxbite                 Hex            0%         N/A       92%         2
 Mercury Vapours          Alch/Air       0%         N/A       92%         2
 Confusing Touch          Hex            0%         N/A       99%         3
 Fugue of the Fallen      Necr           0%         N/A       99%         3
 Passwall                 Erth           0%         N/A       99%         3
 Sigil of Binding         Hex            0%         N/A       99%         3
 Swiftness                Air            0%         N/A       99%         3
 Vampiric Draining        Necr           0%         2d6       99%         3
 Airstrike                Air            0%         2d(0-16)  100%        4
 Anguish                  Hex/Necr       0%         N/A       100%        4
 Summon Lightning Spire   Summ/Air       0%         N/A       100%        4
 Alistair's Intoxication  Alch           0%         N/A       100%        5
 Arcjolt                  Conj/Air       0%         1d10      100%        5
 Bombard                  Conj/Erth      0%         9d1       100%        6


Dungeon Overview and Level Annotations

Branches:
Dungeon (8/15)             Temple (1/1) D:5          Bailey (1/1)
   Lair: D:8-11

Altars:
Ashenzari
Cheibriados
Dithmenos
Fedhas
Gozag
Hepliaklqana
Kikubaaqudgha
Makhleb
Nemelex Xobeh
Okawaru
Qazlal
Ru
Sif Muna
Uskayaw
Wu Jian
Xom
Yredelemnul

Shops:
D:3 (   D:7 :


Innate Abilities, Weirdness & Mutations

You are mostly covered in yellow scales. (AC +3)
You regenerate a little health from kills.
When hurt, damage is shared between your health and your magic reserves.
You regenerate magic rapidly.
Your touch may inflict minor irresistible damage on your foes.


Message History

The orc sorcerer casts a spell at you. You resist with significant effort.
You slash the orc high priest! You burn the orc high priest.
The orc high priest is moderately wounded.
The orc high priest performs a strange gesture.
You block the orc high priest's attack.
You hit the orc high priest but do no damage.
The orc high priest is moderately wounded.
The orc high priest starts to sing a prayer.
You block the orc high priest's attack.
You hit the orc high priest. You burn the orc high priest.
The orc high priest is moderately wounded.
You block the orc high priest's attack.
You slash the orc high priest! You burn the orc high priest.
The orc high priest is heavily wounded.
You block the orc high priest's attack. You block the orc sorcerer's attack.
You closely miss the orc high priest.
The orc high priest is heavily wounded.
The orc high priest hits you with a +0 war axe!
* * * LOW HITPOINT WARNING * * *
The orc sorcerer misses you.
The hobgoblin hits you but does no damage.
You hit the orc high priest. You burn the orc high priest.
The orc high priest is severely wounded.
You block the orc high priest's attack. The orc sorcerer closely misses you.
The hobgoblin misses you.
The orc high priest hits you but does no damage.
The orc sorcerer mumbles some strange words.
You feel troubled.
The orc sorcerer mumbles some strange words.
You hit the orc high priest but do no damage.
The orc high priest is heavily wounded.
You block the hobgoblin's attack. You block the orc sorcerer's attack.
The orc high priest barely misses you. You block the hobgoblin's attack.
You hit the orc high priest. You burn the orc high priest.
The orc high priest is severely wounded.
The orc sorcerer casts a spell at you. The bolt of fire hits you!!
You die...
Fedhas appreciates your contribution to the ecosystem.

≈≈≈≈≈≈≈~)#...))#.....#.....#
≈≈≈≈≈≈≈~.#.8...#.....#...8.#
≈≈≈≈≈≈≈~.#.....#######.....#
≈≈≈≈≈≈≈~.#.8#############8.#
≈≈≈≈≈≈≈~.#..# ..........#..#
≈≈≈≈≈≈≈~.#.8# .........#8.#
≈≈≈≈≈≈≈~.#).# o.55.5. #))#
≈≈≈≈≈≈≈~.##)# ..35 #'##
≈≈≈≈≈≈≈~.#o@# ##)## #..#
≈≈≈≈≈≈≈~.#go# #.g.# #..#
≈≈≈≈≈≈≈~.#.3# #.55# #..#
≈≈≈≈≈≈≈~.#..# #8o8# #..#
≈≈≈≈≈≈≈~.#..# #o5.# #..#
≈≈≈≈≈≈≈#'#)##+###858###+##)#
≈≈≈≈≈≈≈#...§#?!.#...#.[[#...
≈≈≈≈≈≈≈#...§#?!.#...#.[[#...
≈≈≈≈≈≈≈###..######.######..#


You could see an orc high priest, a ynoxinul (summoned), an orc sorcerer and a
hobgoblin.

Vanquished Creatures
  An orc knight (Bailey)
  Grinder (D:5)
  12 orc warriors
  2 sky beasts
  3 black bears
  3 ogres (D:3)
  The ghost of yleetSyT the Apothecary, an amateur NaAl (D:3)
  A bullfrog (D:4)
  2 scorpions
  3 wights (D:6)
  8 electric eels (Bailey)
  2 bombardier beetles
  A jelly (D:7)
  An orc priest (D:7)
  3 hounds
  Natasha (thrice) (D:2)
  A gnoll bouda (D:7)
  An iguana (D:7)
  3 orc wizards
  10 gnolls
  4 adders
  A shadow imp (D:7)
  3 dart slugs (D:1)
  13 orcs
  12 endoplasms
  2 giant cockroaches
  17 goblins
  14 hobgoblins
  12 jackals
  4 quokkas
  8 ball pythons
  8 bats
  6 kobolds
  6 rats
172 creatures vanquished.

Vanquished Creatures (others)
  A scorpion (D:5)
  A howler monkey (D:5)
  A jelly (D:6)
  A hound (D:5)
  2 ufetubi (D:7)
6 creatures vanquished.

Grand Total: 178 creatures vanquished

Notes
Turn   | Place    | Note
-------+----------+-------------------------------------------
     0 | D:1      | CraigForest the Demonspawn Gladiator began the quest for
                  | the Orb.
     0 | D:1      | Reached XP level 1. HP: 16/16 MP: 1/1
   101 | D:1      | Gained mutation: You regenerate magic rapidly. [demonic
                  | ancestry]
   101 | D:1      | Reached XP level 2. HP: 22/22 MP: 2/2
   152 | D:1      | Reached skill level 3 in Long Blades
   300 | D:1      | Gained mutation: You are partially covered in yellow
                  | scales. (AC +2) [demonic ancestry]
   300 | D:1      | Reached XP level 3. HP: 25/27 MP: 3/3
   450 | D:1      | Got the Tome of Doom and the Sky
   454 | D:1      | Learned a level 1 spell: Shock
   998 | D:2      | Found a basalt altar of Yredelemnul.
  1184 | D:2      | Gained mutation: You regenerate a little health from kills.
                  | [demonic ancestry]
  1184 | D:2      | Reached XP level 4. HP: 33/33 MP: 4/4
  1443 | D:2      | Noticed Natasha
  1447 | D:2      | Killed Natasha
  1448 | D:2      | Reached skill level 4 in Long Blades
  1482 | D:2      | Noticed Natasha
  1506 | D:2      | Killed Natasha
  1507 | D:2      | Reached XP level 5. HP: 16/38 MP: 5/5
  1735 | D:2      | Noticed Natasha
  1748 | D:2      | Killed Natasha
  1817 | D:3      | Identified the +0 mace "Zibiudad" {elec, rCorr Str-2 Dex+5
                  | SInv}
  1986 | D:3      | Found a transporter.
  1986 | D:3      | Noticed an ogre
  1987 | D:3      | Noticed yleetSyT's ghost (amateur NaAl)
  1988 | D:3      | Identified the +6 great mace of Somewhere Else {flame,
                  | Dex+4}
  1988 | D:3      | Noticed an ogre
  2021 | D:3      | Found a faded altar of an unknown god.
  2028 | D:3      | Prayed at the altar of an unknown god.
  2028 | D:3      | Became a worshipper of Fedhas Madash
  2028 | D:3      | Reached * piety under Fedhas
  2047 | D:3      | Found a transporter.
  2089 | D:3      | Noticed an ogre
  2519 | D:3      | Found Agaxameth's Weapon Boutique.
  2739 | D:4      | Reached skill level 1 in Armour
  2739 | D:4      | Gained mutation: When hurt, damage is shared between your
                  | health and your magic reserves. [demonic ancestry]
  2739 | D:4      | Reached XP level 6. HP: 43/46 MP: 6/6
  2803 | D:4      | Got the Discourse on Arsenical Fulmination
  2841 | D:4      | Found an ornate altar of the Wu Jian Council.
  3052 | D:4      | Found an iron altar of Okawaru.
  3202 | D:4      | Reached skill level 5 in Long Blades
  3440 | D:5      | Entered Level 5 of the Dungeon
  3552 | D:5      | Reached ** piety under Fedhas
  3671 | D:5      | Reached skill level 1 in Shields
  3671 | D:5      | Gained mutation: You are mostly covered in yellow scales.
                  | (AC +3) [demonic ancestry]
  3671 | D:5      | Reached XP level 7. HP: 36/51 MP: 5/7
  3925 | D:5      | Noticed Grinder
  3933 | D:5      | Paralysed by Grinder for 4 turns
  3945 | D:5      | Paralysed by Grinder for 2 turns
  3953 | D:5      | Killed Grinder
  4043 | D:5      | Found a staircase to the Ecumenical Temple.
  4529 | Temple   | Entered the Ecumenical Temple
  4878 | D:6      | Reached skill level 6 in Long Blades
  4901 | D:6      | Reached skill level 1 in Stealth
  4901 | D:6      | Reached XP level 8. HP: 27/50 MP: 8/8
  5554 | D:7      | Found Puhaul's Book Shop.
  5895 | D:7      | Found a shimmering altar of Xom.
  5934 | D:7      | Reached skill level 5 in Dodging
  6526 | D:3      | Killed yleetSyT's ghost
  6529 | D:3      | Gained mutation: Your touch may inflict minor irresistible
                  | damage on your foes. [demonic ancestry]
  6529 | D:3      | Reached XP level 9. HP: 41/65 MP: 9/9
  6657 | D:8      | Found a flagged portal.
  6672 | D:8      | Reached skill level 7 in Long Blades
  6681 | D:8      | Reached *** piety under Fedhas
  6738 | Bailey   | Entered a bailey
  6846 | Bailey   | Reached skill level 5 in Shields
  6969 | Bailey   | Acquired the ring of Buph {rN+ AC+4 Str+6}
  7021 | Bailey   | Noticed an orc knight
  7039 | Bailey   | Killed an orc knight
  7307 | Bailey   | Reached skill level 5 in Armour
  7365 | Bailey   | Reached **** piety under Fedhas
  7765 | Bailey   | Reached skill level 8 in Long Blades
  7957 | Bailey   | Reached skill level 5 in Fighting
  8121 | Bailey   | Found an iron altar of Okawaru.
  8121 | Bailey   | Noticed an orc high priest
  8121 | Bailey   | Noticed an orc sorcerer
  8127 | Bailey   | Noticed a sun demon
  8127 | Bailey   | Noticed a sixfirhy
  8128 | Bailey   | Paralysed by an orc sorcerer for 2 turns
  8170 | Bailey   | Killed from afar by an orc sorcerer

Illustrated notes

Levels and vault maps discovered:
D:1:      roderic_octagonal_star, layout_rooms, minmay_shallow_snake_nest
D:2:      layout_loops_ring, basic_altar, nrook_loot_triangle,
          minmay_tetromino_s2, uniq_natasha
D:3:      layout_basic, gammafunk_ghost_smash, serial_shops, shop,
          hellmonk_ecumenical_altar_slurped_away
D:4:      layout_gridville, amcnicky_altar_gilded, okawaru_trees_2
D:5:      layout_rooms, minmay_temple_entry_glassed_door, serial_aquarium,
          aquarium_bridge_long_separate [aquarium_subvault_bridge,
          aquarium_subvault_balcony, aquarium_subvault_wall,
          aquarium_subvault_balcony, aquarium_subvault_bridge,
          aquarium_subvault_wall], aquarium_bridge_square
          [aquarium_subvault_wall, aquarium_subvault_balcony,
          aquarium_subvault_bridge, aquarium_subvault_wall],
          aquarium_window_corridor_2, aquarium_window_2, aquarium_window_fake,
          aquarium_window_1, aquarium_view_2a, aquarium_view_2c,
          minmay_misc_feat_four_crosses, st_stairs_14, hangedman_glass_teeth,
          minmay_checkerbox, uniq_grinder
D:6:      layout_rooms
D:7:      layout_loops_corners, old_standard_altar, serial_shops, shop,
          lemuel_flamethrower_2
D:8:      minmay_quarter_circles, layout_basic, enter_bailey_5
Temple:   bh_familiar_temple
Bailey:   bailey_axe_of_yendor_kennysheep, bailey

Skill      XL: |  1  2  3  4  5  6  7  8  9 |
---------------+----------------------------+-----
Dodging        | 3 4 5 |  5.9
Long Blades    | 3 4 5 6 8 |  8.0
Armour         | 1 2 4 5 |  5.0
Shields        | 1 2 4 5 |  5.6
Fighting       | 3 5 |  5.0
Stealth        | 1 |  1.5
Throwing       | 3 |  3.0
Unarmed Combat | |  0.4

Action                     |  1- 3 |  4- 6 |  7- 9 || total
---------------------------+-------+-------+-------++-------
  Melee: Long sword        |   139 |   175 |   446 ||   760
         Punch             |     1 |       |       ||     1
         Unarmed           |       |    27 |       ||    27
         Scimitar          |       |       |    12 ||    12
  Throw: Boomerang         |       |       |    46 ||    46
    Use: Scroll            |       |     8 |     5 ||    13
         Potion            |       |     1 |       ||     1
   Stab: Sleeping          |     1 |       |       ||     1
 Armour: Leather armour    |   109 |       |       ||   109
         Ring mail         |       |   113 |   291 ||   404
         Skin              |       |     6 |       ||     6
  Dodge: Dodged            |   134 |   131 |   168 ||   433
  Block: Other             |       |    12 |       ||    12
         Kite shield       |       |    32 |   444 ||   476
         Reflection        |       |     1 |     3 ||     4

Table legend: (Time is in decaauts)
 A = Elapsed time spent in this place.
 B = Non-inter-level travel time spent in this place.
 C = Inter-level travel time spent in this place.
 D = Time resting spent in this place.
 E = Time spent auto-exploring this place.
 F = Levels seen in this place.
 G = Mean time per level.
                   A        B        C        D        E       F      G
               +--------+--------+--------+--------+--------+-----+--------+
         Total |   8378 |   8103 |    275 |    979 |   4569 |  10 |  837.8 |
       Dungeon |   6881 |   6606 |    275 |    314 |   4404 |   8 |  860.1 |
        Temple |      1 |      1 |      0 |      0 |      0 |   1 |    1.0 |
        Bailey |   1495 |   1495 |      0 |    665 |    165 |   1 | 1495.0 |
               +--------+--------+--------+--------+--------+-----+--------+

Top non-repeatable levels by time:
  Bailey: 1495 daAuts
     D:7: 1243 daAuts
     D:5: 1164 daAuts
     D:3: 1053 daAuts
     D:2: 986 daAuts
     D:1: 829 daAuts
     D:4: 763 daAuts
     D:6: 719 daAuts
     D:8: 121 daAuts
  Temple: 1 daAuts
